 Dungeon Crawl Stone Soup version 0.22-a0-322-g60b3cfd (webtiles) character file.

171244 grizmgrazm2 the Bludgeoner (level 17, -1/169 HPs)
             Began as a Gargoyle Fighter on Apr 2, 2018.
             Was the Champion of Qazlal.
             Slain by an orc warrior
             ... wielding a +1 trident of piercing
             ... led by an orc high priest
              (13 damage)
             ... on level 1 of the Orcish Mines.
             The game lasted 01:35:54 (28926 turns).

grizmgrazm2 the Bludgeoner (Gargoyle Fighter)      Turns: 28926, Time: 01:35:55

Health: -1/169     AC: 46    Str: 32    XL:     17   Next: 71%
Magic:  24/24      EV: 10    Int:  8    God:    Qazlal [******]
Gold:   2198       SH:  8    Dex: 10    Spells: 16/16 levels left

rFire    . . .     SeeInvis .   x - +0 great mace (protect)
rCold    . . .     Gourm    .   (shield currently unavailable)
rNeg     + . .     Faith    .   N - +0 plate armour
rPois    ∞         Spirit   .   b - +1 hat {MR+}
rElec    +         Reflect  .   H - +1 cloak {MR+}
rCorr    .         Harm     +   d - +0 pair of gloves
MR       ++++.                  q - +0 pair of boots
Stlth    ..........             B - amulet of harm
HPRegen  0.38/turn              K - +3 ring of slaying
MPRegen  0.19/turn              D - ring of protection from magic

@: berserking, protected from physical damage, protection aura, hasted, repel
missiles, very quick
A: big wings, negative energy resistance 1, electricity resistance, unbreathing,
petrification resistance, rot immunity, AC +12
}: 1/15 runes: serpentine
a: Fly, Upheaval, Elemental Force, Disaster Area, Renounce Religion


You were on level 1 of the Orcish Mines.
You worshipped Qazlal.
Qazlal was exalted by your worship.
You were not hungry.

You visited 5 branches of the dungeon, and saw 24 of its levels.
You also visited: Ossuary.

You collected 2198 gold pieces.

Inventory:

Hand Weapons
 a - a +0 flail
 m - a +0 mace
 x - a +0 great mace of protection (weapon)
 J - a +2 dire flail
 O - a +2 vampiric demon trident
Armour
 b - a +1 hat of magic resistance (worn)
 c - a +0 shield
 d - a +0 pair of gloves (worn)
 q - a +0 pair of boots (worn)
 H - a +1 cloak of magic resistance (worn)
 N - a +0 plate armour (worn)
 S - a scarf of cloud immunity
Jewellery
 n - an uncursed ring of protection from fire
 B - an amulet of harm (around neck)
 D - a ring of protection from magic (right hand)
 K - a +3 ring of slaying (left hand)
 P - an uncursed ring of ice
Wands
 i - a wand of enslavement (12)
 o - a wand of acid (23)
 r - a wand of polymorph (35)
 y - a wand of scattershot (15)
 C - a wand of disintegration (21)
 F - a wand of random effects (59)
 L - a wand of paralysis (21)
 Q - a wand of clouds (3)
 U - a wand of iceblast (6)
Scrolls
 j - 5 scrolls of amnesia
 k - 8 scrolls of identify
 p - a scroll of blinking
 s - 4 scrolls of teleportation
 E - 5 scrolls of remove curse
 I - a scroll of magic mapping
 M - a scroll of fear
 T - a scroll of enchant armour
Potions
 e - 2 potions of lignification
 g - a potion of magic
 h - 5 potions of mutation
 l - 4 potions of brilliance
 t - a potion of agility
 u - 2 potions of ambrosia
 w - 3 potions of flight
 z - 4 potions of invisibility
 A - a potion of cancellation
Comestibles
 f - 22 rations
 V - 9 chunks of flesh


   Skills:
 + Level 15.5 Fighting
 + Level 17.3 Maces & Flails
 + Level 14.5 Armour
 + Level 5.1 Dodging
 - Level 14.7 Shields
 + Level 9.6 Invocations


You had 16 spell levels left.
You didn't know any spells.

Dungeon Overview and Level Annotations

Branches:
Dungeon (12/15)            Temple (1/1) D:5            Lair (6/6) D:11
  Swamp (0/4) Lair:2        Snake (4/4) Lair:4        Slime (0/5) Lair:6
    Orc (1/2) D:11

Altars:
Ashenzari
Cheibriados
Dithmenos
Elyvilon
Fedhas
Gozag
Hepliaklqana
Kikubaaqudgha
Makhleb
Okawaru
Qazlal
Ru
Sif Muna
Trog
Uskayaw
Vehumet
Wu Jian
Xom
Yredelemnul
Zin
The Shining One
Jiyva

Shops:
D:6 [   Orc:1 (   Snake:1 *(


Innate Abilities, Weirdness & Mutations

You are resistant to torment.
Your stone body is resilient. (AC +12)
You are immune to poison.
Your large and strong wings let you fly indefinitely.
You resist negative energy. (rN+)
You are resistant to electric shocks. (rElec)
You can survive without breathing.
You are immune to petrification.
You are immune to rotting.


Message History

You sock the orc warrior!
The orc warrior is moderately wounded.
The orc high priest no longer looks unusually strong.
The warg bites you but does no damage.
You closely miss the orc warrior.
The orc warrior is moderately wounded.
You block the orc warrior's attack. The warg barely misses you.
The orc warrior is engulfed in freezing vapours.
You block the orc warrior's attack.
The orc warrior hits you but does no damage.
The orc warrior is engulfed in freezing vapours.
The orc warrior hits you but does no damage.
You bludgeon the orc warrior!!
You kill the orc warrior!
Qazlal accepts your kill.
The orc warrior no longer looks unusually strong.
You block the warg's attack. You block the orc's attack.
The orc warrior hits you with a trident of piercing!
You die...

#....###..
........
....... #.$...
###ooo.
##.#ooh#
##...§oo# ..
#..$oh@# ...
###.o§####....
#..§)#.#....
##§.§......#
##.......#
###..#....#
##...##....#
###...#.# ..$.
#....#### ..


You could see an orc high priest, 2 wargs, 4 orc warriors and 4 orcs.

Vanquished Creatures
  Vashnia (Snake:4)
  Gastronok (Lair:1)
  The ghost of Patate the Warrior, a journeyman HOFi of Beogh (Snake:4)
  7 nagarajas
  An orc warlord (Orc:1)
  A fire dragon (Lair:4)
  Erolcha (D:9)
  5 hydras
  Fannar (Lair:1)
  Harold (Lair:3)
  18 naga warriors
  5 two-headed ogres
  11 anacondas
  6 death yaks
  20 naga sharpshooters
  13 shock serpents
  Urug (D:11)
  Nergalle (Lair:1)
  4 salamander mystics
  6 sea snakes (Snake:2)
  8 naga ritualists
  Pikel (D:9)
  10 mana vipers
  An orc sorcerer (Orc:1)
  2 oklob plants (Lair:6)
  3 cyclopes
  A manticore (D:12)
  2 ugly things (D:11)
  6 salamanders
  11 elephants
  29 black mambas
  Joseph (D:8)
  4 guardian serpents (Snake:4)
  Maurice (D:8)
  16 naga magi
  Psyche (D:9)
  A gargoyle (D:11)
  7 spiny frogs
  2 freezing wraiths (Snake:3)
  12 rime drakes
  8 komodo dragons
  5 polar bears (Lair:6)
  A troll (Orc:1)
  A queen bee (D:8)
  7 hornets (Lair:6)
  17 blink frogs
  A tyrant leech (Lair:2)
  7 hippogriffs
  Prince Ribbit (D:8)
  12 spriggans (Lair:6)
  2 humans (D:8)
  40 yaks
  A hungry ghost (D:9)
  Grum (D:8)
  8 basilisks
  3 wargs (Orc:1)
  Menkaure (D:7)
  7 steam dragons
  3 swamp worms (Lair:2)
  61 nagas
  16 water moccasins
  Duvessa (D:7)
  13 orc warriors
  6 porcupines
  4 ice beasts
  3 phantoms
  7 black bears
  A sky beast (D:10)
  An eye of draining (D:8)
  A necrophage (D:9)
  4 boggarts (Lair:6)
  6 ogres
  35 wolves
  6 centaurs
  21 crocodiles
  A big kobold (D:12)
  An elf zombie (Ossuary)
  Blork the orc (D:6)
  A gnoll sergeant (D:9)
  11 bullfrogs
  Dowan (D:7)
  A water moccasin skeleton (D:7)
  5 scorpions
  20 killer bees
  5 howler monkeys
  2 electric eels (Snake:2)
  5 crimson imps
  12 centaur zombies
  2 bullfrog zombies
  5 jellies
  3 human zombies (Ossuary)
  5 orc priests
  2 centaur skeletons
  10 hounds
  2 bullfrog skeletons
  Terence (D:2)
  5 iguanas
  13 orc wizards
  11 worker ants
  A hound zombie (D:8)
  3 mummies (Ossuary)
  Robin (D:2)
  14 gnolls
  12 adders
  2 shadow imps
  2 adder zombies
  An adder skeleton (D:4)
  4 worms
  A dart slug (D:4)
  2 leopard geckos
  43 orcs
  7 ball pythons
  3 giant cockroaches
  9 hobgoblins
  24 jackals
  7 kobolds
  A quokka (D:8)
  8 bats
  6 frilled lizards
  9 goblins
  A leopard gecko zombie (D:6)
  A quokka skeleton (D:6)
  6 rats
  A plant (Lair:6)
830 creatures vanquished.

Vanquished Creatures (others)
  An orc wizard (Orc:1)
  3 bushes
  21 fungi
  27 plants
52 creatures vanquished.

Grand Total: 882 creatures vanquished

Notes
Turn   | Place    | Note
-------+----------+-------------------------------------------
     0 | D:1      | grizmgrazm2 the Gargoyle Fighter began the quest for the Orb.
     0 | D:1      | Reached XP level 1. HP: 14/14 MP: 1/1
   217 | D:1      | Reached XP level 2. HP: 19/19 MP: 2/2
   996 | D:2      | Reached XP level 3. HP: 23/23 MP: 3/3
  1022 | D:2      | Noticed Terence
  1059 | D:2      | Killed Terence
  1059 | D:2      | Reached XP level 4. HP: 27/28 MP: 4/4
  1186 | D:2      | Noticed Robin
  1206 | D:2      | Killed Robin
  1295 | D:2      | Reached skill level 3 in Maces & Flails
  1826 | D:3      | Found a deep blue altar of Sif Muna.
  1965 | D:3      | Reached XP level 5. HP: 32/32 MP: 5/5
  2695 | D:4      | Found a basalt altar of Yredelemnul.
  2978 | D:4      | Reached skill level 1 in Dodging
  3150 | D:4      | Noticed a phantom
  3226 | D:4      | Killed a phantom
  3226 | D:4      | Reached skill level 4 in Maces & Flails
  3226 | D:4      | Reached XP level 6. HP: 26/38 MP: 6/6
  3523 | D:5      | Entered Level 5 of the Dungeon
  3542 | D:5      | Reached skill level 5 in Shields
  3572 | D:5      | Found a staircase to the Ecumenical Temple.
  3578 | Temple   | Entered the Ecumenical Temple
  3625 | Temple   | Became a worshipper of Qazlal Stormbringer
  3831 | D:5      | Reached XP level 7. HP: 22/42 MP: 7/7
  3948 | D:5      | Reached skill level 5 in Maces & Flails
  4158 | D:5      | Reached skill level 5 in Armour
  4507 | D:6      | Found a snail-covered altar of Cheibriados.
  4507 | D:6      | Found a radiant altar of Vehumet.
  4507 | D:6      | Found a hide-covered altar of Uskayaw.
  4507 | D:6      | Found a glowing golden altar of the Shining One.
  4509 | D:6      | You fall through a shaft for 2 floors!
  4551 | D:8      | Reached XP level 8. HP: 48/48 MP: 8/8
  4570 | D:8      | Found an iron altar of Okawaru.
  4605 | D:8      | Reached skill level 6 in Maces & Flails
  4757 | D:6      | Reached * piety under Qazlal
  4757 | D:6      | Reached skill level 7 in Maces & Flails
  4787 | D:6      | Found an ancient bone altar of Kikubaaqudgha.
  4791 | D:6      | Found a hazy altar of Hepliaklqana.
  4843 | D:6      | Found a sand-covered staircase.
  4859 | Ossuary  | Entered an ossuary
  4911 | Ossuary  | Reached skill level 5 in Fighting
  4993 | Ossuary  | Reached XP level 9. HP: 47/54 MP: 9/9
  5122 | Ossuary  | Reached skill level 8 in Maces & Flails
  5289 | D:6      | Noticed Blork the orc
  5302 | D:6      | Killed Blork the orc
  5336 | D:6      | Reached ** piety under Qazlal
  5677 | D:6      | Found Ruskual's Armour Boutique.
  5959 | D:7      | Noticed Menkaure
  5970 | D:7      | Killed Menkaure
  6286 | D:7      | Noticed Dowan
  6289 | D:7      | Noticed Duvessa
  6324 | D:7      | Killed Duvessa
  6344 | D:7      | Killed Dowan
  6655 | D:8      | Reached skill level 9 in Maces & Flails
  6678 | D:8      | Noticed Joseph
  6697 | D:8      | Killed Joseph
  6697 | D:8      | Reached XP level 10. HP: 57/60 MP: 10/10
  6854 | D:8      | Noticed Prince Ribbit
  6872 | D:8      | Killed Prince Ribbit
  7044 | D:8      | Noticed Maurice
  7087 | D:8      | Reached *** piety under Qazlal
  7132 | D:8      | Reached skill level 10 in Maces & Flails
  7217 | D:8      | Noticed Grum
  7224 | D:8      | Noticed a two-headed ogre
  7245 | D:8      | Killed a two-headed ogre
  7262 | D:8      | Killed Grum
  7262 | D:8      | Reached skill level 10 in Shields
  7345 | D:8      | Killed Maurice
  7731 | D:9      | Noticed Psyche
  7795 | D:9      | Killed Psyche
  7795 | D:9      | Reached XP level 11. HP: 36/66 MP: 11/11
  8068 | D:9      | Noticed Erolcha
  8074 | D:9      | Killed Erolcha
  8074 | D:9      | Reached **** piety under Qazlal
  8137 | D:9      | Reached skill level 11 in Maces & Flails
  8215 | D:9      | Noticed Pikel
  8229 | D:9      | Killed Pikel
  8250 | D:9      | Found a snail-covered altar of Cheibriados.
  8376 | D:9      | Noticed a two-headed ogre
  8383 | D:9      | Noticed a two-headed ogre
  8397 | D:9      | Killed a two-headed ogre
  8405 | D:9      | Killed a two-headed ogre
  8534 | D:9      | Found a bloodstained altar of Trog.
  8535 | D:9      | Found a shimmering altar of Xom.
  8620 | D:10     | Entered Level 10 of the Dungeon
  8646 | D:10     | Noticed a cyclops
  8660 | D:10     | Killed a cyclops
  8688 | D:10     | Reached skill level 12 in Maces & Flails
  9157 | D:11     | Noticed a red ugly thing
  9167 | D:11     | Killed a red ugly thing
  9188 | D:11     | Noticed a cyclops
  9218 | D:11     | Reached XP level 12. HP: 54/74 MP: 12/12
  9254 | D:11     | Reached ***** piety under Qazlal
  9663 | D:11     | Reached skill level 13 in Maces & Flails
  9673 | D:11     | Noticed a two-headed ogre
  9683 | D:11     | Killed a two-headed ogre
  9798 | D:11     | Noticed Fannar
  9810 | D:12     | Noticed a two-headed ogre
  9820 | D:12     | Killed a two-headed ogre
  9903 | D:11     | Noticed Urug
  9923 | D:11     | Found a staircase to the Lair.
 10572 | Lair:1   | Entered Level 1 of the Lair of Beasts
 10585 | Lair:1   | Noticed Gastronok
 10596 | Lair:1   | Killed Gastronok
 10700 | Lair:1   | Noticed Nergalle
 10718 | Lair:1   | Killed Nergalle
 10718 | Lair:1   | Reached XP level 13. HP: 80/80 MP: 13/13
 11130 | Lair:1   | Reached skill level 14 in Maces & Flails
 11935 | Lair:2   | Found a staircase to the Swamp.
 12411 | Lair:3   | Noticed Harold
 12415 | Lair:3   | Killed Harold
 12415 | Lair:3   | Reached skill level 10 in Fighting
 13338 | Lair:4   | Reached skill level 10 in Armour
 13339 | Lair:4   | Found a staircase to the Snake Pit.
 13414 | Lair:4   | Reached ****** piety under Qazlal
 13561 | Lair:4   | Noticed a fire dragon
 13843 | Lair:4   | Killed a fire dragon
 14724 | Snake:1  | Entered Level 1 of the Snake Pit
 14736 | Snake:1  | Gained mutation: Your large and strong wings let you fly indefinitely. [Gargoyle growth]
 14736 | Snake:1  | Reached XP level 14. HP: 69/90 MP: 14/14
 14747 | Snake:1  | Reached skill level 1 in Invocations
 15462 | Snake:1  | Found Ateim's Antique Weapon Boutique.
 15462 | Snake:1  | Found Delixac's General Store.
 15498 | Snake:1  | Reached skill level 15 in Maces & Flails
 16939 | Lair:6   | Entered Level 6 of the Lair of Beasts
 17122 | Lair:6   | Reached skill level 5 in Invocations
 17204 | Lair:6   | Reached XP level 15. HP: 78/97 MP: 18/18
 17636 | Lair:6   | Found a staircase to the Slime Pits.
 17636 | Lair:6   | Found a viscous altar of Jiyva.
 18726 | Snake:2  | Noticed a nagaraja
 18936 | Snake:2  | Killed a nagaraja
 19697 | Snake:2  | Reached skill level 16 in Maces & Flails
 20913 | Snake:3  | Reached XP level 16. HP: 98/104 MP: 21/21
 22462 | Snake:4  | Entered Level 4 of the Snake Pit
 23372 | Snake:4  | Noticed Patate's ghost (journeyman HOFi)
 23400 | Snake:4  | Killed Patate's ghost
 24013 | Snake:4  | Noticed Vashnia
 24108 | Snake:4  | Killed Vashnia
 24639 | Snake:4  | Noticed a nagaraja
 24921 | Snake:3  | Killed a nagaraja
 25406 | Snake:3  | Reached XP level 17. HP: 63/112 MP: 9/24
 26345 | Snake:4  | Reached skill level 5 in Dodging
 26369 | Snake:3  | Reached skill level 15 in Fighting
 26747 | Snake:4  | Reached skill level 17 in Maces & Flails
 27920 | Snake:4  | Got a serpentine rune of Zot
 28165 | Lair:1   | Killed Fannar
 28276 | D:11     | Killed Urug
 28499 | D:11     | Found a staircase to the Orcish Mines.
 28720 | Orc:1    | Entered Level 1 of the Orcish Mines
 28812 | Orc:1    | Found Etis Hum's Weapon Shop.
 28926 | Orc:1    | Slain by an orc warrior

Vault maps used:
D:1:      eino_arrival_water_cross, minmay_misc_feat_alley
D:2:      uniq_robin, uniq_terence
D:3:      led_sif_pool, first_ration
D:4:      yredelemnul_altar_generic
D:5:      kennysheep_six_static_rooms, minmay_temple_entry_enclosed_plants,
          nemelex_dance_club_becter
D:6:      grunt_temple_overflow_open,
          chequers_temple_overflow_statue_of_worship,
          lightli_ossuary_entry_decrepit_ruins, serial_shops,
          kennysheep_little_box, uniq_blork_the_orc
D:7:      grunt_tough_drop, uniq_duvessa, uniq_menkaure
D:8:      st_stairs_1, david_nohive_1, okawaru_humans, uniq_grum, uniq_maurice,
          uniq_joseph, uniq_prince_ribbit1
D:9:      gammafunk_temple_overflow_wave, basic_altar, uniq_erolcha, uniq_pikel,
          uniq_psyche
D:11:     minmay_lair_entry_grove, david_orc_4, uniq_fannar, uniq_urug
D:12:     jiyva_altar_1
Temple:   nicolae_temple_hex_pool
Lair:1:   uniq_nergalle, uniq_gastronok
Lair:2:   minmay_swamp_entry_worms, hangedman_lair_unloving_vines
Lair:3:   cheibrodos_lair_river_kwai, uniq_harold
Lair:4:   guppyfry_snake_entry_garden, bobbens_dragon_lair_wall
Lair:5:   st_stairs_5, kennysheep_basilisk_garden
Lair:6:   minmay_lair_end_enchanted_forest, slime_altar_1,
          minmay_lair_oklob_chamber, grunt_megastairs_1
Snake:1:  st_stairs_6, minmay_shoptagon, grunt_megastairs_2, lemuel_fruit_tree
Snake:2:  grunt_megastairs_5, serial_bayou_shore_b, serial_bayou_shore_a,
          serial_bayou_shore_b, serial_bayou_shore_b
Snake:3:  portal_ice_cave_entry_frozen_things
Snake:4:  johnstein_snake_rune_scales, grunt_megastairs_3, uniq_vashnia
Orc:1:    basic_altar, serial_shops, nicolae_shop_stone
Ossuary:  ossuary_minmay_four_chambers

Skill      XL: |  1  2  3  4  5  6  7  8  9 10 11 12 13 14 15 16 17 |
---------------+----------------------------------------------------+-----
Armour         | 4 5 6 7 8 10 11 12 13 14 | 14.5
Shields        | 4 5 6 8 10 11 12 13 14 | 14.7
Maces & Flails | 3 4 5 7 9 10 12 13 14 15 16 17 | 17.3
Dodging        | 1 2 3 4 5 |  5.1
Fighting       | 4 5 6 8 9 11 12 13 14 15 | 15.5
Invocations    | 5 7 9 |  9.6

Action                   |  1- 3 |  4- 6 |  7- 9 | 10-12 | 13-15 | 16-18 || total
-------------------------+-------+-------+-------+-------+-------+-------++-------
Melee: Flail             |    92 |   399 |   557 |   318 |       |       ||  1366
       Mace              |       |       |       |    14 |       |       ||    14
       Unarmed           |       |       |       |     1 |       |       ||     1
       Dire flail        |       |       |       |   478 |  1094 |   727 ||  2299
       Great mace        |       |       |       |       |    67 |   112 ||   179
  Use: Scroll            |     3 |       |    17 |    11 |     3 |     2 ||    36
       Potion            |     1 |     3 |       |    13 |     3 |     9 ||    29
  Eat: Chunk             |       |    10 |    10 |    15 |    18 |     5 ||    58
       Ration            |       |       |       |     1 |     5 |     6 ||    12
Armor: Scale mail        |    12 |       |       |       |       |       ||    12
       Chain mail        |    48 |   279 |   269 |   338 |    34 |       ||   968
       Skin              |       |     8 |       |       |       |       ||     8
       Plate armour      |       |       |       |       |   551 |   445 ||   996
Dodge: Dodged            |    25 |   121 |   101 |   231 |   304 |   228 ||  1010
       Deflected         |       |       |       |     4 |    36 |    84 ||   124
Block: Shield            |    71 |   284 |   319 |   282 |       |       ||   956
       Other             |       |       |       |    94 |   308 |   272 ||   674

Table legend:
 A = Spawn XP
 B = Non-spawn XP
 C = Spawn XP percentage of total XP
 D = Spawn monster count
 E = Non-spawn monster count
 F = Spawn count percentage of total count
 G = Total turns spent on level
                    A         B        C        D         E        F      G
               +---------+---------+-------+---------+---------+-------+---------
         Total |       0 |  226063 |   0.0 |       0 |     829 |   0.0 | 28926
               +---------+---------+-------+---------+---------+-------+---------
           D:1 |       0 |      19 |   0.0 |       0 |      14 |   0.0 |   950
           D:2 |       0 |     140 |   0.0 |       0 |      34 |   0.0 |   867
           D:3 |       0 |      49 |   0.0 |       0 |      10 |   0.0 |   613
           D:4 |       0 |     242 |   0.0 |       0 |      30 |   0.0 |  1093
           D:5 |       0 |     746 |   0.0 |       0 |      20 |   0.0 |   897
           D:6 |       0 |     942 |   0.0 |       0 |      30 |   0.0 |   973
           D:7 |       0 |     841 |   0.0 |       0 |      13 |   0.0 |   672
           D:8 |       0 |    5286 |   0.0 |       0 |      50 |   0.0 |  1366
           D:9 |       0 |    6382 |   0.0 |       0 |      43 |   0.0 |   803
          D:10 |       0 |    1214 |   0.0 |       0 |      13 |   0.0 |   716
          D:11 |       0 |   12920 |   0.0 |       0 |      84 |   0.0 |  1605
          D:12 |       0 |    2367 |   0.0 |       0 |       9 |   0.0 |    82
        Lair:1 |       0 |    5888 |   0.0 |       0 |      16 |   0.0 |   984
        Lair:2 |       0 |    1810 |   0.0 |       0 |       8 |   0.0 |   953
        Lair:3 |       0 |    6884 |   0.0 |       0 |      24 |   0.0 |  1132
        Lair:4 |       0 |   17065 |   0.0 |       0 |      50 |   0.0 |  1892
        Lair:5 |       0 |    7830 |   0.0 |       0 |      21 |   0.0 |   658
        Lair:6 |       0 |   25043 |   0.0 |       0 |     105 |   0.0 |  1475
       Snake:1 |       0 |   12937 |   0.0 |       0 |      22 |   0.0 |  1707
       Snake:2 |       0 |   19669 |   0.0 |       0 |      34 |   0.0 |  1738
       Snake:3 |       0 |   25125 |   0.0 |       0 |      49 |   0.0 |  4104
       Snake:4 |       0 |   67477 |   0.0 |       0 |     104 |   0.0 |  3054
         Orc:1 |       0 |    4532 |   0.0 |       0 |      31 |   0.0 |   206
       Ossuary |       0 |     655 |   0.0 |       0 |      15 |   0.0 |   299
               +---------+---------+-------+---------+---------+-------+---------
